 Dungeon Crawl Stone Soup version 0.30-a0-374-g95c0257040 (webtiles) character file.

Game seed: 14553477690610196234

2 NinjaNoafa the Caller (level 1, 0/7 HPs)
             Began as a Felid Summoner on Nov 25, 2022.
             Slain by a jackal (2 damage)
             ... on level 2 of the Dungeon.
             The game lasted 00:00:29 (194 turns).

NinjaNoafa the Caller (Felid Summoner)               Turns: 194, Time: 00:00:30

Health: 0/7        AC:  1    Str:  4    XL:     1   Next: 33%
Magic:  1/4        EV: 17    Int: 16    God:
Gold:   19         SH:  0    Dex: 16    Spells: 3/4 levels left
                                        Lives:  0   Deaths: 0

rFire   . . .      SeeInvis +    (weapon unavailable)
rCold   . . .      Faith    .    (shield unavailable)
rNeg    . . .      Spirit   .    (body armour unavailable)
rPois   .          Reflect  .    (helmet unavailable)
rElec   .          Harm     .    (cloak unavailable)
rCorr   .          Rampage  .    (gloves unavailable)
Will    .....                    (boots unavailable)
Stlth   ++........               (no amulet)
HPRegen 0.21/turn                (no ring)
MPRegen 0.09/turn                (no ring)

@: very slightly contaminated, quick
A: very small, claws 1, fangs 3, see invisible, speed 1, shaggy fur 1, stealthy
paws, no weapons or thrown items, no armour, multi-lived
a: no special abilities


You were on level 2 of the Dungeon.
You visited 1 branch of the dungeon, and saw 2 of its levels.

You collected 19 gold pieces.

Inventory:

Jewellery
 e - a ring of ice
Scrolls
 b - a scroll of summoning {unknown}
 d - a scroll of acquirement {unknown}
Potions
 a - a potion of magic
 c - a potion of cancellation {unknown}
 f - a potion of curing {unknown}


   Skills:
 - Level 2.6 Dodging
 - Level 2.6 Stealth
 + Level 2.0 Spellcasting
 * Level 4.1 Summonings


You had 3 spell levels left.
You knew the following spells:

 Your Spells              Type           Power      Damage    Failure   Level
a - Summon Small Mammal   Summ           56%        N/A       3%          1

Your spell library contained the following spells:

 Spells                   Type           Power      Damage    Failure   Level
 Call Imp                 Summ           14%        N/A       6%          2
 Call Canine Familiar     Summ           14%        N/A       12%         3
 Summon Guardian Golem    Hex/Summ       8%         N/A       26%         3
 Summon Lightning Spire   Summ/Air       8%         N/A       65%         4


Dungeon Overview and Level Annotations

Branches:
Dungeon (1/15)

Altars:


Innate Abilities, Weirdness & Mutations

You have sharp claws.
You have razor-sharp teeth.
You have supernaturally acute eyesight. (SInv)
You cover ground quickly. (Speed+)
You are covered in fur. (AC +1)
Your paws help you pounce on unaware monsters.
You are incapable of wielding weapons or throwing items.
You cannot wear armour.
You gain extra lives every three experience levels.


Message History

f - a ruby potion
Found a stone staircase leading down.
Found a whip.
You now have 19 gold pieces (gained 10).
A jackal and a ball python come into view.
There are monsters nearby!
There are monsters nearby!
There are monsters nearby!
There are monsters nearby!
Your bat hits the jackal.
The jackal barks!
The ball python hisses angrily.
Your bat misses the jackal. The jackal bites your rat.
Your rat bites the jackal.
The jackal dies!
A jackal comes into view.
Found two stone staircases leading up.
Your bat hits the jackal but does no damage.
The jackal closely misses you.
Your bat misses the jackal. The jackal completely misses you.
A quokka comes into view.
The ball python misses you. The ball python barely misses you.
Your rat bites the jackal but does no damage.
You miscast Summon Small Mammal.
You are very lightly contaminated with residual magic.
Nothing appears to happen.
The ball python bites you. The ball python grabs you.
The ball python constricts you. The quokka barely misses your rat.
You escape the ball python's grasp.
The jackal attacks as you move away! The jackal misses you.
The jackal attacks as you move away! The jackal closely misses you.
Your rat disappears in a puff of smoke!
The jackal completely misses you. The jackal bites you.
* * * LOW HITPOINT WARNING * * *
The ball python closely misses you. The ball python barely misses you.
The quokka bites your rat.
Your rat dies!
Your rat's corpse disappears in a puff of smoke!
The jackal barely misses you. The jackal attacks as you move away!
The jackal bites you.
You die...

...........# .......
...........######.......
.................>......
############....#..?....
#############r...#.......
#................#.<.....
#.........(......#.......
#................#.......
#........@h......#.......
###.......S.######.......
#.######### ###.#
######...# #......### #
#.#.#..# .##.#...##
######### ..#.#..###
#.......#


You could see a quokka, a jackal and a ball python.

Vanquished Creatures (collateral kills)
  An endoplasm (D:2)
  A jackal (D:2)
2 creatures vanquished.

Vanquished Creatures (others)
  9 fungi (D:2)
  4 plants (D:2)
13 creatures vanquished.

Grand Total: 15 creatures vanquished

Notes
Turn   | Place    | Note
-------+----------+-------------------------------------------
     0 | D:1      | NinjaNoafa the Felid Summoner began the quest for the Orb.
     0 | D:1      | Reached XP level 1. HP: 7/7 MP: 4/4
    25 | D:1      | You fall into a shaft and drop 1 floor!
   194 | D:2      | Slain by a jackal

Illustrated notes

Levels and vault maps discovered:
D:1:      nzn_arrival_settlement, layout_rooms
D:2:      layout_basic, shapermc_ecumenical_altar_mp_urbaneastern, basic_altar,
          minmay_misc_feat_tower

Action                   || total
-------------------------++-------
 Cast: Summon Small Mamm ||     7
Dodge: Dodged            ||    10

Table legend: (Time is in decaauts)
 A = Elapsed time spent in this place.
 B = Non-inter-level travel time spent in this place.
 C = Inter-level travel time spent in this place.
 D = Time resting spent in this place.
 E = Time spent auto-exploring this place.
 F = Levels seen in this place.
 G = Mean time per level.
                   A        B        C        D        E       F      G
               +--------+--------+--------+--------+--------+-----+--------+
         Total |    169 |    169 |      0 |      0 |    120 |   2 |   84.5 |
       Dungeon |    169 |    169 |      0 |      0 |    120 |   2 |   84.5 |
               +--------+--------+--------+--------+--------+-----+--------+

Top non-repeatable levels by time:
     D:2: 146 daAuts
     D:1: 22 daAuts
